 Dungeon Crawl Stone Soup version 0.25-a0-426-g7d9e569eea (webtiles) character file.

Game seed: 12362743844341717463, levelgen mode: deterministic

179 Elellon the Conjurer (level 5, -15/28 HPs)
             Began as a Deep Elf Conjurer on Jan 25, 2020.
             Was an Initiate of Vehumet.
             Demolished by an orc warrior
             ... wielding a +0 mace
              (22 damage)
             ... on level 3 of the Dungeon.
             The game lasted 00:05:51 (3029 turns).

Elellon the Conjurer (Deep Elf Conjurer)            Turns: 3029, Time: 00:05:52

Health: -15/28     AC:  7    Str:  6    XL:     5   Next: 33%
Magic:  5/14       EV: 12    Int: 20    God:    Vehumet [......]
Gold:   111        SH:  4    Dex: 15    Spells: 11/14 levels left

rFire    . . .     SeeInvis .   (no weapon)
rCold    . . .     Gourm    .   n - +0 buckler
rNeg     . . .     Faith    .   a - +0 robe
rPois    .         Spirit   .   g - +2 helmet
rElec    .         Reflect  .   (no cloak)
rCorr    .         Harm     .   u - +0 pair of gloves (curse)
MR       .....                  p - +0 pair of boots
Stlth    ++........             (no amulet)
HPRegen  0.09/turn              (no ring)
MPRegen  0.14/turn              (no ring)

@: no status effects
A: no striking features
a: Renounce Religion


You were on level 3 of the Dungeon.
You worshipped Vehumet.
Vehumet was noncommittal.
You were not hungry.

You visited 2 branches of the dungeon, and saw 5 of its levels.

You collected 111 gold pieces.

Inventory:

Missiles
 x - 4 poisoned darts (quivered)
Armour
 a - a +0 robe (worn)
 g - a +2 helmet (worn)
 n - a +0 buckler (worn)
 p - a +0 pair of boots (worn)
 u - a cursed +0 pair of gloves (worn)
Scrolls
 b - a scroll of enchant weapon {unknown}
 f - 2 scrolls of remove curse {unknown}
 h - a scroll of noise {unknown}
 i - 2 scrolls of identify {unknown}
 j - a scroll of fear {unknown}
 k - 3 scrolls of amnesia {unknown}
 q - a scroll of blinking {unknown}
 r - 2 scrolls of teleportation {unknown}
Potions
 d - 2 potions of agility {unknown}
 e - a potion of brilliance {unknown}
 l - 2 potions of curing {unknown}
 m - a potion of might {unknown}
 s - 2 potions of heal wounds {unknown}
 t - a potion of degeneration {unknown}
 v - a potion of resistance {unknown}
 w - a potion of invisibility {unknown}
Comestibles
 c - 7 rations


   Skills:
 - Level 2.4 Dodging
 - Level 2.4 Stealth
 + Level 1.1 Shields
 + Level 5.4 Spellcasting
 + Level 5.8 Conjurations


You had 11 spell levels left.
You knew the following spells:

 Your Spells              Type           Power        Failure   Level  Hunger
a - Magic Dart            Conj           ####         1%          1    None
b - Searing Ray           Conj           ####..       1%          2    None

Your spell library contained the following spells:

 Spells                   Type           Power        Failure   Level  Hunger
 Dazzling Flash           Conj/Hex       ###...       14%         3    ##.....
 Animate Skeleton         Necr           N/A          16%         1    None
 Apportation              Tloc           #.....       16%         1    None
 Corona                   Hex            #......      16%         1    None
 Summon Small Mammal      Summ           #...         16%         1    None
 Fulminant Prism          Conj/Hex       ###.......   43%         4    ####...
 Iskenderun's Mystic Bla  Conj/Tloc      ###.....     43%         4    ####...


Dungeon Overview and Level Annotations

Branches:
Dungeon (4/15)             Temple (1/1) D:4

Altars:
Cheibriados
Dithmenos
Gozag
Hepliaklqana
Kikubaaqudgha
Nemelex Xobeh
Okawaru
Sif Muna
Trog
Uskayaw
Vehumet
Xom
Zin
The Shining One


Message History

The searing ray hits the orc warrior.
The orc warrior is severely wounded.
The orc warrior closely misses you.
There is a stone staircase leading down here.
There is an escape hatch in the ceiling here.
The orc warrior closely misses you. A mysterious force pulls you upwards.
The hatch slams shut behind you.
The orc warrior hits you but does no damage.
You see here a cursed -3 trident.
Casting: Searing Ray (safe; 1% risk of failure)
Confirm with . or Enter, or press ? or * to list all spells.
Aiming: Searing Ray (safe; 1% risk of failure)
Press: ? - help, Shift-Dir - straight line, f - orc warrior
Aim: an orc warrior, wielding a +0 mace and wearing a +0 chain mail (severely wounded)
The searing ray hits the orc warrior.
The orc warrior is severely wounded. (Press . to maintain the ray.)
The orc warrior hits you with a +0 mace!!
Ouch! That really hurt!
You die...

###......>.......##..........)...
#.......(...........)...........
#...............#####<..........
##..............## #.........#.
.#...............#####.........##
...............................##
....^..........................##
....)..........................#
................@o..).........##
...................).........##
..........................####
................#.........#
.......#...........######## #
................#....############
......#..........)........[......
......##........)[#.....##.....##
########.......#................#


You could see an orc warrior.

Vanquished Creatures
  An orc priest (D:4)
  A worker ant (D:2)
  4 adders
  2 worms
  5 leopard geckos
  7 orcs
  4 ball pythons
  4 giant cockroaches
  5 goblins
  6 hobgoblins
  4 jackals (D:1)
  10 kobolds
  4 quokkas
  6 bats
  4 frilled lizards
  6 rats
73 creatures vanquished.

Notes
Turn   | Place    | Note
-------+----------+-------------------------------------------
     0 | D:1      | Elellon the Deep Elf Conjurer began the quest for the Orb.
     0 | D:1      | Reached XP level 1. HP: 10/10 MP: 6/6
   165 | D:1      | Reached XP level 2. HP: 15/15 MP: 5/8
   598 | D:1      | Learned a level 2 spell: Searing Ray
   722 | D:1      | Reached skill level 5 in Conjurations
   722 | D:1      | Reached XP level 3. HP: 19/19 MP: 6/10
  1187 | D:2      | Reached XP level 4. HP: 24/24 MP: 9/12
  1410 | D:2      | Reached skill level 5 in Spellcasting
  2411 | D:3      | Reached XP level 5. HP: 28/28 MP: 11/14
  2825 | D:4      | Found a bloodstained altar of Trog.
  2845 | D:4      | Found a staircase to the Ecumenical Temple.
  2854 | Temple   | Entered the Ecumenical Temple
  2906 | Temple   | Became a worshipper of Vehumet
  2944 | D:4      | Reached skill level 1 in Shields
  2981 | D:4      | Noticed an orc warrior
  3029 | D:3      | Demolished by an orc warrior

Levels and vault maps discovered:
D:1:      dpeg_arrival_simpleton_b, layout_basic
D:2:      layout_rooms
D:3:      layout_rooms
D:4:      layout_basic, yredelemnul_altar_generic, bloody_trog,
          minmay_temple_entry_trees, uniq_crazy_yiuf_cottage
Temple:   eino_temple_water

Skill      XL: |  1  2  3  4  5 |
---------------+----------------+-----
Spellcasting   | 4 5 |  5.4
Conjurations   | 5 |  5.8
Shields        | 1 |  1.1
Dodging        | |  2.4
Stealth        | |  2.4

Action                   |  1- 3 |  4- 6 || total
-------------------------+-------+-------++-------
 Cast: Magic Dart        |    72 |    68 ||   140
       Searing Ray       |       |     6 ||     6
  Eat: Chunk             |     1 |     5 ||     6
Armor: Robe              |     2 |     3 ||     5
Dodge: Dodged            |     3 |     7 ||    10

Table legend:
 A = Non-vault XP
 B = Vault XP
 C = Vault XP percentage of total XP
 D = Non-vault monster count
 E = Vault monster count
 F = Vault count percentage of total count
                 A         B        C        D         E       F
            +---------+---------+-------+---------+---------+-------
      Total |     257 |       0 |   0.0 |      73 |       0 |   0.0
            +---------+---------+-------+---------+---------+-------
        D:1 |      44 |       0 |   0.0 |      26 |       0 |   0.0
        D:2 |     103 |       0 |   0.0 |      20 |       0 |   0.0
        D:3 |      49 |       0 |   0.0 |      22 |       0 |   0.0
        D:4 |      61 |       0 |   0.0 |       5 |       0 |   0.0
            +---------+---------+-------+---------+---------+-------
